 Dungeon Crawl Stone Soup version 0.32-a0-711-g016ad743e0 (webtiles) character file.

Game seed: 722397320114203626

203 Griffin23 the Trooper (level 5, -1/47 HPs)
             Began as a Minotaur Fighter on Mar 15, 2024.
             Succumbed to a kobold brigand's curare-tipped dart
             ... in a sewer.
             The game lasted 00:02:41 (2910 turns).

Griffin23 the Trooper (Minotaur Fighter)            Turns: 2910, Time: 00:02:41

Health: -1/47      AC:  7    Str: 23    XL:     5   Next: 51%
Magic:  4/4        EV:  8    Int:  5    God:
Gold:   64         SH:  4    Dex:  9    Spells: 4/4 levels left

rFire   . . .        a - +0 long sword
rCold   . . .        c - +0 buckler
rNeg    . . .        b - +0 scale mail
rPois   +            (helmet restricted)
rElec   .            (no cloak)
rCorr   .            (no gloves)
SInv    .            (no boots)
Will    .....        (no amulet) Stlth
                     q - ring of poison resistance
HPRegen 0.27/turn    (no ring)
MPRegen 0.09/turn

%: no passive effects
@: lethally poisoned (-1 -> -29), attractive, slowed, very slow
A: horns 2, retaliatory headbutt
a: no special abilities


You were in a sewer.
You visited 1 branch of the dungeon, and saw 3 of its levels.
You also visited: Sewer.

You collected 64 gold pieces.

Inventory:

Hand Weapons
 a - a +0 long sword (weapon)
Armour
 b - a +0 scale mail (worn)
 c - a +0 buckler (worn)
Jewellery
 q - a ring of poison resistance (left hand)
Scrolls
 f - 2 scrolls of identify {unknown}
 h - a scroll of immolation {unknown}
 m - 2 scrolls of teleportation {unknown}
 o - 2 scrolls of fear {unknown}
 p - 2 scrolls of vulnerability {unknown}
 r - a scroll of brand weapon {unknown}
Potions
 d - a potion of might
 e - a potion of curing {unknown}
 g - a potion of attraction
 i - a potion of invisibility {unknown}
 j - a potion of ambrosia {unknown}
 k - a potion of resistance {unknown}
 l - a potion of heal wounds {unknown}
 n - 2 potions of brilliance {unknown}
 s - a potion of mutation {unknown}


   Skills:
 + Level 4.8 Fighting
 * Level 4.4 Long Blades
 + Level 4.7 Armour
 + Level 4.7 Shields


You had 4 spell levels left.
You didn't know any spells.
Your spell library contained the following spells:

 Spells                   Type           Power      Damage    Failure   Level
 Lesser Beckoning         Tloc           0%         N/A       93%         2
 Gell's Gravitas          Tloc           0%         N/A       99%         3
 Hailstorm                Conj/Ice       0%         3d5       99%         3
 Summon Ice Beast         Ice/Summ       0%         N/A       99%         3
 Teleport Other           Tloc           0%         N/A       99%         3
 Volatile Blastmotes      Fire/Tloc      0%         2d10      99%         3
 Fulminant Prism          Conj/Alch      0%         3d5       100%        4
 Iskenderun's Mystic Bla  Conj/Tloc      0%         2d3       100%        4
 Permafrost Eruption      Ice/Erth       0%         2x4d2     100%        6
 Sculpt Simulacrum        Ice/Alch       0%         N/A       100%        6


Dungeon Overview and Level Annotations

Branches:
Dungeon (3/15)              Sewer (1/1)

Altars:


Innate Abilities, Weirdness & Mutations

You have a pair of horns on your head.
You reflexively headbutt those who attack you in melee.


Message History

You barely miss the rat.
An adder comes into view.
You block the rat's attack.
You closely miss the rat.
The adder hisses angrily.
The rat bites you but does no damage.
You slash the rat!
You kill the rat!
The adder completely misses you.
The kobold brigand throws a curare-tipped dart.
The curare-tipped dart hits you.
You are poisoned.
You have difficulty breathing.
You feel yourself slow down.
You hit the adder.
The adder is heavily wounded.
You feel extremely sick. The adder barely misses you.
The adder bites you but does no damage.
The kobold brigand throws a curare-tipped dart.
The curare-tipped dart hits you.
You are more poisoned.
You have difficulty breathing.
You feel as though you will be slow longer.
The adder bites you but does no damage.
Your unstable footing causes you to fumble your attack.
You feel extremely sick. The adder bites you but does no damage.
The kobold brigand throws a curare-tipped dart.
The curare-tipped dart hits you.
You are lethally poisoned!
You have difficulty breathing.
* * * LOW HITPOINT WARNING * * *
You feel as though you will be slow longer.
The adder bites you but does no damage.
q - a ring of poison resistance (left hand)
* * * LOW HITPOINT WARNING * * *
You feel very sick. The adder bites you but does no damage.
It was a potion of attraction.
You feel attractive to monsters.
You die...

.~.~####.∩...###
. ##.).## ##)##
#~# #~# # ##~##
~## ##~~.## ...##
#....~#####..~~.#
#.~..~~~S@~.K.~..
#..~.~#####.~..~#
##...## ...##
##### ###


You could see a kobold brigand and an adder.

Vanquished Creatures
  A bombardier beetle (D:2)
  An orc priest (D:2)
  6 adders
  2 dart slugs (D:1)
  4 ribbon worms
  3 orcs (D:3)
  8 ball pythons
  3 bats
  6 endoplasms
  7 giant cockroaches
  5 goblins (D:1)
  5 hobgoblins
  5 kobolds
  6 quokkas
  A frilled lizard (D:1)
  4 rats
67 creatures vanquished.

Notes
Turn   | Place    | Note
-------+----------+-------------------------------------------
     0 | D:1      | Griffin23 the Minotaur Fighter began the quest for the Orb.
     0 | D:1      | Reached XP level 1. HP: 19/19 MP: 0/0
   164 | D:1      | Reached XP level 2. HP: 25/27 MP: 1/1
   220 | D:1      | You fall into a shaft and drop 1 floor!
   992 | D:2      | Reached XP level 3. HP: 28/33 MP: 2/2
  1210 | D:2      | Reached XP level 4. HP: 17/41 MP: 3/3
  2479 | D:3      | Reached XP level 5. HP: 47/47 MP: 4/4
  2765 | D:3      | Found a glowing drain.
  2818 | Sewer    | Entered a sewer
  2910 | Sewer    | Succumbed to a kobold brigand's curare-tipped dart

Illustrated notes

Levels and vault maps discovered:
D:1:      scummos_arrival_simple_fountains, layout_basic, minivault_24
D:2:      minmay_door_path, layout_loops_corners
D:3:      cheibrodos_old_hovel, layout_loops_ring, gammafunk_ghost_mausoleum,
          gup_sewer_entry_glass, uniq_ijyb
Sewer:    sewer_co_15_rooms

Skill      XL: |  1  2  3  4 |
---------------+-------------+-----
Fighting       | 4 |  4.8
Shields        | 4 |  4.7
Armour         | 4 |  4.7
Long Blades    | 3 4 |  4.4

Action                     |  1- 3 |  4- 6 || total
---------------------------+-------+-------++-------
  Melee: Long sword        |    62 |    99 ||   161
         Headbutt          |     9 |    15 ||    24
    Use: Potion            |       |     1 ||     1
 Armour: Scale mail        |    41 |    77 ||   118
  Dodge: Dodged            |    19 |    48 ||    67
  Block: Buckler           |    10 |    17 ||    27

Table legend: (Time is in decaauts)
 A = Elapsed time spent in this place.
 B = Non-inter-level travel time spent in this place.
 C = Inter-level travel time spent in this place.
 D = Time resting spent in this place.
 E = Time spent auto-exploring this place.
 F = Levels seen in this place.
 G = Mean time per level.
                   A        B        C        D        E       F      G
               +--------+--------+--------+--------+--------+-----+--------+
         Total |   2959 |   2815 |    144 |    222 |   2168 |   4 |  739.8 |
       Dungeon |   2856 |   2712 |    144 |    222 |   2103 |   3 |  952.0 |
         Sewer |    103 |    103 |      0 |      0 |     65 |   1 |  103.0 |
               +--------+--------+--------+--------+--------+-----+--------+

Top non-repeatable levels by time:
     D:2: 1375 daAuts
     D:1: 1122 daAuts
     D:3: 358 daAuts
   Sewer: 103 daAuts
